 Dungeon Crawl Stone Soup version 0.29.0-11-gd7f09526c8 (webtiles) character file.

Game seed: 11905989188663798192

3780 slphil the Cleaver (level 10, -4/91 HPs)
             Began as a Hill Orc Abyssal Knight on Sept 6, 2022.
             Was an Elder of Lugonu.
             Slain by a small abomination (14 damage)
             ... summoned by Lugonu's corruption
             ... in a bailey.
             The game lasted 00:11:46 (7380 turns).

slphil the Cleaver (Hill Orc Abyssal Knight)        Turns: 7380, Time: 00:11:46

Health: -4/91      AC: 12    Str: 21    XL:     10   Next: 16%
Magic:  9/17       EV:  7    Int: 10    God:    Lugonu [****..]
Gold:   354        SH:  0    Dex: 11    Spells: 9/9 levels left

rFire   . . .      SeeInvis .   b - +5 flail (freeze)
rCold   + . .      Faith    .   (no shield)
rNeg    . . .      Spirit   .   c - +0 chain mail
rPois   +          Reflect  .   (no helmet)
rElec   .          Harm     .   E - +0 cloak
rCorr   .          Rampage  .   (no gloves)
Will    .....                   A - +2 pair of boots
Stlth   ..........              r - amulet of regeneration
HPRegen 1.05/turn               l - ring of poison resistance
MPRegen 0.15/turn               u - ring of protection from cold

@: no status effects
A: no striking features
a: Renounce Religion, Depart the Abyss, Bend Space, Banish, Corrupt


You were in a bailey.
You worshipped Lugonu.
Lugonu was greatly pleased with you.
You visited 1 branch of the dungeon, and saw 8 of its levels.
You visited the Abyss 1 time.
You also visited: Bailey.

You collected 402 gold pieces.
You spent 48 gold pieces at shops.

Inventory:

Hand Weapons
 a - a +2 morningstar of freezing
 b - a +5 flail of freezing (weapon)
 G - a +0 war axe
 H - a +1 hand axe
 K - a +3 war axe
Armour
 c - a +0 chain mail (worn)
 i - a +0 plate armour
 y - the +1 ring mail of Fun and Games {Will+}
   (You found it on level 5 of the Dungeon)

   Will:      It increases your willpower.
 A - a +2 pair of boots (worn)
 B - a +2 leather armour of willpower
 E - a +0 cloak (worn)
Jewellery
 l - a ring of poison resistance (left hand)
 r - an amulet of regeneration (around neck)
 u - a ring of protection from cold (right hand)
Wands
 q - a wand of polymorph (13)
 w - a wand of charming (19)
Scrolls
 d - 2 scrolls of enchant weapon {unknown}
 j - 2 scrolls of brand weapon
 k - 5 scrolls of poison
 n - a scroll of vulnerability {unknown}
 s - 2 scrolls of identify
 v - a scroll of amnesia {unknown}
 x - a scroll of summoning {unknown}
 C - a scroll of immolation {unknown}
 D - a scroll of acquirement
 F - a scroll of fear {unknown}
 I - a scroll of torment {unknown}
Potions
 e - a potion of magic
 f - a potion of brilliance {unknown}
 g - a potion of degeneration {unknown}
 h - 2 potions of attraction
 m - 3 potions of haste {unknown}
 o - a potion of resistance {unknown}
 p - a potion of mutation {unknown}
 t - a potion of curing {unknown}
 z - a potion of might
 J - a potion of lignification {unknown}


   Skills:
 + Level 9.3 Fighting
 - Level 12.5(12.8) Axes
 * Level 3.7(7.7) Maces & Flails
 - Level 2.1 Armour
 - Level 0.7 Dodging
 + Level 9.6 Invocations


You had 9 spell levels left.
You didn't know any spells.
Your spell library contained the following spells:

 Spells                   Type           Power      Damage    Failure   Level
 Sandblast                Erth           0%         2d4       98%         1
 Passwall                 Tmut/Erth      0%         N/A       99%         2
 Static Discharge         Conj/Air       0%         3-3/arc   99%         2
 Confusing Touch          Hex            0%         N/A       100%        3
 Stone Arrow              Conj/Erth      0%         3d7       100%        3
 Dispel Undead            Necr           0%         3d6       100%        4
 Fulminant Prism          Conj/Hex       0%         3d6       100%        4
 Iskenderun's Mystic Bla  Conj/Tloc      0%         2d3       100%        4
 Sticky Flame             Conj/Fire      0%         2d3       100%        4
 Lee's Rapid Deconstruct  Erth           0%         3d5*      100%        5
 Yara's Violent Unravell  Hex/Tmut       0%         3d3       100%        5
 Enfeeble                 Hex            0%         N/A       100%        7


Dungeon Overview and Level Annotations

Branches:
Dungeon (8/15)             Temple (0/1) D:7          Bailey (1/1)
   Lair: D:8-11

Altars:
Fedhas
Gozag
Uskayaw

Shops:
D:3 ?   D:6 [   D:7 :

Annotations:
Abyss:1 Pikel Bailey corrupted


Message History

The orc closely misses you.
Activating: Corrupt (10% risk of failure)
Press: ? - help, Dir - look around, f - activate Lugonu's Hand of Corruption reaches out!
Something barely misses the fenstrider witch skeleton.
The orc warrior hits the ufetubus with a +0 war axe!
The ufetubus dies!
The ufetubus disappears in a puff of smoke!
The orc warrior hits you but does no damage.
Found an inky potion and 4 scrolls of enchant armour.
Okay, then.
Space bends violently around you!
You blink.
Found a scroll of acquirement.
The small abomination hits the kobold demonologist but does no damage.
The kobold demonologist casts a spell.
Send 'em back where they came from!
The large abomination shudders.
The fenstrider witch skeleton shudders.
The small abomination shudders. x2
The freezing wraith shudders.
The small abomination hits the kobold demonologist.
The fenstrider witch skeleton misses the kobold demonologist.
The fenstrider witch skeleton kicks the kobold demonologist!
The orc barely misses the freezing wraith.
The orc hits the thrashing horror with a +0 hand axe.
The orc warrior barely misses the thrashing horror.
The large abomination refuses to make way for you. (Use ctrl+direction or * direction to attack.)
The thrashing horror tramples the orc warrior.
The orc warrior holds its ground!
The orc warrior dies!
The thrashing horror tramples the orc!
The orc holds its ground!
The orc dies!
The small abomination misses the kobold demonologist.
The kobold demonologist hits the fenstrider witch skeleton with a +0 war axe.
The kobold demonologist hits the small abomination with a +0 war axe.
The kobold demonologist hits the small abomination but does no damage.
The small abomination hits the kobold demonologist!
The fenstrider witch skeleton hits the kobold demonologist.
The kobold demonologist dies!
A goblin comes into view. It is wielding a +0 hand axe.
The goblin closely misses the small abomination.
The small abomination hits you!
You die...

##### ..#?#
##################.#
#......)#....#'x@.X#
#.8.8.8.)..#ZX3#..W#
#...########.#####2#
.)..# ?X. #Z#≈ .)..#
##X #x. ≈ ##### L.
.. #.#. ...# X ##
#x##3 ...# #g. ..
⌠..#


You could see a neutral tentacled starspawn (summoned, wandering), a neutral
thrashing horror (summoned), a neutral large abomination (summoned, distracted),
a neutral freezing wraith (summoned, distracted), a neutral smoke demon
(summoned, distracted), a neutral hellion (summoned, distracted), a neutral
ynoxinul (summoned, wandering), a neutral small abomination (summoned,
wandering), a neutral deep elf blademaster skeleton (summoned, wandering) and a
neutral fenstrider witch skeleton (summoned, distracted).

Vanquished Creatures
  Eustachio (D:6)
  Edmund (D:6)
  3 water moccasins
  5 orc warriors (Bailey)
  2 black bears (D:7)
  An ogre (D:5)
  A centaur (D:8)
  2 lemures
  A phantom (D:4)
  Blork the orc (D:6)
  3 bullfrogs
  A necrophage (D:7)
  8 scorpions
  5 wights (D:7)
  2 jellies
  An orc priest (D:5)
  2 hounds (D:5)
  Jessica (D:2)
  3 iguanas
  6 orc wizards
  7 adders
  7 gnolls
  2 shadow imps
  3 worms
  3 dart slugs
  15 orcs
  7 ball pythons
  8 endoplasms
  5 giant cockroaches
  14 goblins
  14 hobgoblins
  3 quokkas
  3 bats
  A frilled lizard (D:3)
  10 kobolds
  6 rats
158 creatures vanquished.

Vanquished Creatures (others)
  A kobold demonologist (Bailey)
  2 orc warriors (Bailey)
  An orc (Bailey)
  3 plants
  A starspawn tentacle (Bailey)
8 creatures vanquished.

Grand Total: 166 creatures vanquished

Notes
Turn   | Place    | Note
-------+----------+-------------------------------------------
     0 | Abyss:1  | slphil the Hill Orc Abyssal Knight began the quest for the
                  | Orb.
     0 | Abyss:1  | Reached XP level 1. HP: 19/19 MP: 2/2
     1 | D:1      | Escaped the Abyss
   145 | D:1      | Reached skill level 3 in Axes
   313 | D:1      | Reached XP level 2. HP: 22/27 MP: 4/4
   613 | D:1      | Reached XP level 3. HP: 23/33 MP: 5/5
   866 | D:1      | Found a faded altar of an unknown god.
  1175 | D:2      | Reached skill level 4 in Axes
  1175 | D:2      | Noticed Jessica
  1184 | D:2      | Killed Jessica
  1185 | D:2      | Reached XP level 4. HP: 16/40 MP: 6/6
  2094 | D:2      | Reached skill level 5 in Axes
  2519 | D:3      | Reached XP level 5. HP: 47/47 MP: 7/7
  2954 | D:3      | Reached *** piety under Lugonu
  3162 | D:3      | Reached skill level 5 in Fighting
  3162 | D:3      | Reached skill level 6 in Axes
  3162 | D:3      | Reached XP level 6. HP: 45/56 MP: 9/9
  3380 | D:3      | Found Onoppu's Magic Scroll Shoppe.
  3408 | D:3      | Bought a scroll of identify for 24 gold pieces
  3408 | D:3      | Bought a scroll of identify for 24 gold pieces
  3947 | D:4      | Reached skill level 5 in Invocations
  3975 | D:4      | Reached skill level 7 in Axes
  3975 | D:4      | Reached XP level 7. HP: 48/61 MP: 10/10
  4183 | D:4      | Reached skill level 8 in Axes
  4516 | D:4      | Reached XP level 8. HP: 42/71 MP: 12/12
  4609 | D:5      | Entered Level 5 of the Dungeon
  4722 | D:5      | Reached **** piety under Lugonu
  4723 | D:5      | Reached skill level 9 in Axes
  4767 | D:4      | Noticed Pikel
  4770 | D:4      | Banished Pikel
  4771 | D:4      | Reached skill level 10 in Axes
  5225 | D:5      | Identified the +1 ring mail of Fun and Games {Will+}
  5286 | D:5      | Reached XP level 9. HP: 45/79 MP: 14/14
  5574 | D:6      | Noticed Eustachio
  5579 | D:6      | Found Nuxoan's Armour Shoppe.
  5594 | D:6      | Killed Eustachio
  5595 | D:6      | Reached skill level 11 in Axes
  5734 | D:6      | Noticed Edmund
  5748 | D:6      | Killed Edmund
  6002 | D:6      | Noticed Blork the orc
  6011 | D:6      | Killed Blork the orc
  6359 | D:7      | Found a staircase to the Ecumenical Temple.
  6427 | D:7      | Found a hide-covered altar of Uskayaw.
  6586 | D:7      | Reached skill level 12 in Axes
  6593 | D:7      | Found Bewoj's Book Shop.
  6811 | D:7      | Reached skill level 1 in Maces & Flails
  7092 | D:7      | Found a blossoming altar of Fedhas.
  7098 | D:7      | Found an opulent altar of Gozag.
  7164 | D:8      | Found a flagged portal.
  7186 | Bailey   | Entered a bailey
  7229 | Bailey   | Reached XP level 10. HP: 41/86 MP: 15/17
  7374 | Bailey   | Noticed a kobold demonologist
  7376 | Bailey   | Corrupted Bailey
  7376 | Bailey   | Noticed a tentacled starspawn
  7376 | Bailey   | Noticed a large abomination
  7376 | Bailey   | Noticed a lich
  7376 | Bailey   | Noticed a thrashing horror
  7376 | Bailey   | Noticed a tentacled starspawn
  7376 | Bailey   | Noticed an orange demon
  7376 | Bailey   | Noticed a thrashing horror
  7378 | Bailey   | Killed a kobold demonologist
  7379 | Bailey   | Noticed a hellion
  7380 | Bailey   | Slain by a small abomination

Illustrated notes

Levels and vault maps discovered:
D:1:      eino_arrival_druids_welcome, layout_loops_ring,
          ebering_ecumenical_altar_box, minmay_misc_feat_x,
          chequers_serial_rivers_marsh, minmay_unequal
D:2:      layout_rooms, serial_bayou_pond_a, hangedman_feature_mirror,
          uniq_jessica
D:3:      kennysheep_the_goblin_king, layout_loops_corners, serial_shops, shop
D:4:      layout_cave_pools, uniq_pikel
D:5:      layout_basic, hangedman_decor_opposing, kennysheep_generic_room_16
D:6:      layout_loops_cross, serial_shops, nicolae_shop_statue_plus,
          roderic_roman_lattice, uniq_blork_the_orc, uniq_edmund, uniq_eustachio
D:7:      layout_loops_ring, minitemple, temple_doors_e, serial_shops, shop
D:8:      layout_cave_pools, enter_bailey_6
Bailey:   bailey_axe_of_yendor_kennysheep, bailey

Skill      XL: |  1  2  3  4  5  6  7  8  9 10 |
---------------+-------------------------------+-----
Axes           | 3 4 5 6 7 8 10 12 | 12.5
Invocations    | 3 4 5 6 7 9 |  9.6
Fighting       | 4 5 6 7 9 |  9.3
Maces & Flails | 2 3 |  3.7
Armour         | |  2.1
Dodging        | |  0.7

Action                   |  1- 3 |  4- 6 |  7- 9 | 10-12 || total
-------------------------+-------+-------+-------+-------++-------
Melee: Hand axe          |    92 |   212 |   197 |       ||   501
       Flail             |       |       |   146 |    43 ||   189
       Punch             |       |       |     3 |     1 ||     4
       Morningstar       |       |       |    13 |       ||    13
Invok: Banish            |       |       |     2 |       ||     2
       Bend Space        |       |       |     1 |     1 ||     2
       Corrupt           |       |       |       |     1 ||     1
  Use: Scroll            |       |     3 |     1 |       ||     4
Armor: Chain mail        |    53 |    98 |   177 |    17 ||   345
Dodge: Dodged            |    31 |    72 |   136 |    15 ||   254
